 Seeded DCSS version 0.28.0-43-g3370ac3207 (webtiles) character file.

Game seed: 7121082916606783627 (custom seed)

12 gzilladon the Chopper (level 2, -1/27 HPs)
             Began as a Hill Orc Monk on Mar 30, 2022.
             Was a Believer of Beogh.
             Slain by an orc priest
             ... wielding a +0 whip
              (5 damage)
             ... on level 3 of the Dungeon.
             The game lasted 00:00:56 (450 turns).

gzilladon the Chopper (Hill Orc Monk)                Turns: 450, Time: 00:00:56

Health: -1/27      AC:  3    Str: 13    XL:     2   Next: 33%
Magic:  2/2        EV: 12    Int: 10    God:    Beogh [**....]
Gold:   0          SH:  0    Dex: 13    Spells: 1/1 levels left

rFire   . . .      SeeInvis .   a - +0 hand axe
rCold   . . .      Faith    .   (no shield)
rNeg    . . .      Spirit   .   d - +0 leather armour
rPois   .          Reflect  .   (no helmet)
rElec   .          Harm     .   (no cloak)
rCorr   .          Rampage  .   (no gloves)
Will    .....                   (no boots)
Stlth   ++........              (no amulet)
HPRegen 0.09/turn               (no ring)
MPRegen 0.08/turn               (no ring)

@: no status effects
A: no striking features
a: Renounce Religion, Smiting


You were on level 3 of the Dungeon.
You worshipped Beogh.
Beogh was pleased with you.
You visited 1 branch of the dungeon, and saw 3 of its levels.

Inventory:

Hand Weapons
 a - a +0 hand axe (weapon)
Missiles
 c - 25 stones (quivered)
Armour
 b - a +0 robe
 d - a +0 leather armour (worn)
Scrolls
 e - a scroll of identify {unknown}


   Skills:
 + Level 3.9 Fighting
 * Level 4.6 Axes
 + Level 0.2 Armour
 - Level 2.4 Dodging
 - Level 1.5 Stealth


You had one spell level left.
You didn't know any spells.
Your spell library was empty.

Dungeon Overview and Level Annotations

Branches:
Dungeon (3/15)

Altars:
Uskayaw


Message History

You closely miss the goblin.
The goblin is heavily wounded.
The frilled lizard hisses angrily.
The goblin hits you but does no damage.
You closely miss the goblin.
The goblin is heavily wounded.
The goblin hits you but does no damage.
You hit the goblin.
You kill the goblin!
You hit the frilled lizard.
You kill the frilled lizard!
Things that are here:
a +0 dagger; a frilled lizard corpse A quokka comes into view.
Found a hide-covered altar of Uskayaw.
The teleport trap disappears.
The quokka disappears!
The quokka moves out of view.
Found a stone staircase leading down.
An orc priest comes into view. It is wielding a +0 dagger.
The orc priest threatens, "By the altar or by the axe, you will meet Beogh!" (press Y on the ability menu to convert to Beogh)
You bow before the missionary of Beogh.
Beogh welcomes you!
You can now smite your foes.
The priest welcomes you and lets you live.
An orc comes into view. It is wielding a +0 dagger.
An orc and 2 orc priests come into view.
The orc shouts!
The orc priest shouts! x2; The orc shouts!
The orc priest moves out of view.
The orc priest calls down the wrath of Beogh upon you.
Pain shoots through your body! The orc priest closely misses you.
You closely miss the orc priest. The orc priest hits you with a +0 whip.
The orc priest calls down the wrath of Beogh upon you.
Beogh smites you!
* * * LOW HITPOINT WARNING * * *
You hit the orc priest.
The orc priest is lightly wounded.
The orc priest hits you with a +0 whip.
You die...
Beogh appreciates the orc priest's killing of a heretic priest.

.o..o. .#.. #≈..≈
....# #... #....
#o. ....######o#
>.........# #. ..
#.#.#####.#
.##.####.#.#####o#
............@oo.#
..####.#.#######
#. #...#
#.####.#.# ..
#......#.# ..
#........### ._
#..##.##.#.# ..
#..##.##.#.# ..
#..##.##.#.#


You could see 2 orc priests and an orc.

Vanquished Creatures
  An adder (D:2)
  A bat (D:1)
  A goblin (D:3)
  A frilled lizard (D:3)
4 creatures vanquished.

Notes
Turn   | Place    | Note
-------+----------+-------------------------------------------
     0 | D:1      | gzilladon the Hill Orc Monk began the quest for the Orb.
     0 | D:1      | Reached XP level 1. HP: 19/19 MP: 1/1
    67 | D:2      | Reached XP level 2. HP: 9/27 MP: 2/2
   408 | D:3      | Found a hide-covered altar of Uskayaw.
   438 | D:3      | Became a worshipper of Beogh the Brigand
   438 | D:3      | Reached * piety under Beogh
   438 | D:3      | Reached ** piety under Beogh
   450 | D:3      | Slain by an orc priest

Illustrated notes

Levels and vault maps discovered:
D:1:      minmay_arrival_plants_in_alcoves, layout_rooms, serial_shops, shop,
          chequers_serial_rivers_large_b
D:2:      layout_rooms, hellmonk_ecumenical_altar_leap_of_faith,
          minmay_door_square, nicolae_concentric_dashed_squares_mild
D:3:      cheibrodos_fertilizer, layout_basic, lemuel_tele_altar,
          lemuel_zombie_altar_yredelemnul, serial_shops,
          nicolae_shop_behind_doors, serial_rivers,
          chequers_serial_rivers_small_a, chequers_serial_rivers_micro_c,
          chequers_serial_rivers_room_a, chequers_serial_rivers_micro_e,
          chequers_serial_rivers_small_a, kennysheep_generic_room_9

Action                   || total
-------------------------++-------
Melee: Hand axe          ||    15
Invok: Convert to Beogh  ||     1
Armor: Leather armour    ||     6
Dodge: Dodged            ||     6
